 Dungeon Crawl Stone Soup version 0.24-a0-375-g4de66ed (webtiles) character file.

Game seed: 14757407748504892851

33 slphil the Sneak (level 3, 0/18 HPs)
             Began as a Vine Stalker Assassin on May 31, 2019.
             Succumbed to an adder's poison
             ... on level 2 of the Dungeon.
             The game lasted 00:02:24 (1525 turns).

slphil the Sneak (Vine Stalker Assassin)            Turns: 1525, Time: 00:02:24

Health: 0/18       AC:  3    Str: 18    XL:     3   Next: 29%
Magic:  2/4        EV: 11    Int: 12    God:
Gold:   114        SH:  0    Dex: 15    Spells: 2/2 levels left

rFire    . . .     SeeInvis .   a - +2 dagger
rCold    . . .     Gourm    .   (no shield)
rNeg     . . .     Faith    .   j - +0 robe
rPois    .         Spirit   +   (no helmet)
rElec    .         Reflect  .   c - +0 cloak
rCorr    .         Harm     .   (no gloves)
MR       .....                  (no boots)
Stlth    +++.......             (no amulet)
HPRegen  0.06/turn              q - +5 ring of strength
MPRegen  0.09/turn              (no ring)

@: lethally poisoned (0 -> -2), very slightly contaminated, hasted, invisible,
very quick
A: fangs 2, magic shield, antimagic bite, no potion heal 3, rot immunity
a: no special abilities


You were on level 2 of the Dungeon.
You were not hungry.

You visited 1 branch of the dungeon, and saw 2 of its levels.

You collected 114 gold pieces.

Inventory:

Hand Weapons
 a - a +2 dagger (weapon)
 b - a +0 hunting sling
Missiles
 d - 7 poisoned darts (quivered)
 k - 69 stones
Armour
 c - a +0 cloak (worn)
 j - a +0 robe (worn)
Jewellery
 q - a +5 ring of strength (left hand)
 s - an uncursed amulet of the gourmand {unknown}
Wands
 o - a wand of flame (11)
Scrolls
 g - 3 scrolls of identify {unknown}
 h - a scroll of amnesia {unknown}
 l - a scroll of remove curse {unknown}
 r - a scroll of teleportation {unknown}
Comestibles
 f - 5 rations
 p - 3 chunks of flesh


   Skills:
 + Level 2.2 Fighting
 + Level 2.2 Short Blades
 + Level 2.2 Throwing
 - Level 0.7 Dodging
 + Level 5.2 Stealth


You had 2 spell levels left.
You didn't know any spells.
Your spell library was empty.

Dungeon Overview and Level Annotations

Branches:
Dungeon (2/15)

Altars:


Innate Abilities, Weirdness & Mutations

You have extremely sharp teeth.
When hurt, damage is shared between your health and your magic reserves.
Your bite disrupts and absorbs the magic of your enemies.
Potions cannot restore your health.
You are immune to rotting.


Message History

The adder bites you.
* * * LOW HITPOINT WARNING * * *
You are lethally poisoned!
The adder poisons you! The adder bites you but does no damage.
Throwing (i - inventory. (/) - cycle)
e - a curare-tipped dart (quivered)
Press: ? - help, Shift-Dir - straight line, f/p - adder
Aim: an adder (severely wounded)
You throw a curare-tipped dart. The curare-tipped dart hits the adder.
The adder is poisoned.
The adder convulses.
The adder seems to slow down.
The adder is almost dead.
* * * LOW HITPOINT WARNING * * *
You feel sick.
It was a potion of haste.
You feel yourself speed up.
You kill the adder!
It was a potion of invisibility.
You fade into invisibility!
You are very lightly contaminated with residual magic.
* * * LOW HITPOINT WARNING * * *
You feel sick.
You die...

#########
#(......#
#.#####.#
#)# #.#
#.....(.#
#.#
.######.#
#.#
#.#####.#
#...>@..#
####.####
#.########
#.#......#
#.#.####.#
#.#.## #.#
##....# #.#
##.##..#
#.#
####...#..#
#.#


There were no monsters in sight!

Vanquished Creatures
  An adder (D:2)
  A dart slug (D:1)
  3 leopard geckos (D:1)
  2 giant cockroaches
  4 hobgoblins
  A bat (D:2)
  2 goblins
  2 kobolds (D:2)
  4 rats
20 creatures vanquished.

Notes
Turn   | Place    | Note
-------+----------+-------------------------------------------
     0 | D:1      | slphil the Vine Stalker Assassin began the quest for the
                  | Orb.
     0 | D:1      | Reached XP level 1. HP: 11/11 MP: 2/2
   297 | D:1      | Reached skill level 5 in Stealth
   297 | D:1      | Reached XP level 2. HP: 15/15 MP: 3/3
  1409 | D:2      | Reached XP level 3. HP: 18/18 MP: 4/4
  1525 | D:2      | Succumbed to an adder's poison

Levels and vault maps discovered:
D:1:      lightli_arrival_isolated_outpost, layout_basic
D:2:      layout_loops_corners, first_ration

Skill      XL: |  1  2 |
---------------+-------+-----
Stealth        | 5 |  5.2
Fighting       | 2 |  2.2
Short Blades   | 2 |  2.2
Throwing       | 2 |  2.2
Dodging        | |  0.7

Action                   || total
-------------------------++-------
Melee: Dagger            ||    56
       Bite              ||    15
Throw: Dart              ||     3
  Use: Potion            ||     3
 Stab: Sleeping          ||     5
  Eat: Chunk             ||     2
Armor: Robe              ||    11
Dodge: Dodged            ||    20

Table legend:
 A = Non-vault XP
 B = Vault XP
 C = Vault XP percentage of total XP
 D = Non-vault monster count
 E = Vault monster count
 F = Vault count percentage of total count
                 A         B        C        D         E       F
            +---------+---------+-------+---------+---------+-------
      Total |      48 |       0 |   0.0 |      20 |       0 |   0.0
            +---------+---------+-------+---------+---------+-------
        D:1 |      22 |       0 |   0.0 |      10 |       0 |   0.0
        D:2 |      26 |       0 |   0.0 |      10 |       0 |   0.0
            +---------+---------+-------+---------+---------+-------
